 Dungeon Crawl Stone Soup version 0.23-a0-350-g6fd5563 (webtiles) character file.

28 namelastname112 the Cudgeler (level 3, -1/30 HPs)
             Began as a Draconian Wanderer on Oct 20, 2018.
             Slain by Natasha (6 damage)
             ... on level 2 of the Dungeon on Oct 21, 2018.
             The game lasted 00:01:48 (1133 turns).

namelastname112 the Cudgeler (Draconian Wanderer)   Turns: 1133, Time: 00:01:49

Health: -1/30      AC:  5    Str: 15    XL:     3   Next: 0%
Magic:  13/13      EV: 11    Int: 10    God:
Gold:   34         SH:  0    Dex: 12    Spells: 4/4 levels left

rFire    + . .     SeeInvis .   b - +0 hand crossbow
rCold    . . .     Gourm    .   (no shield)
rNeg     . . .     Faith    .   (armour unavailable)
rPois    .         Spirit   .   (helmet restricted)
rElec    .         Reflect  .   (no cloak)
rCorr    .         Harm     .   (no gloves)
MR       .....                  (no boots)
Stlth    +.........             (no amulet)
HPRegen  0.10/turn              m - ring of magical power
MPRegen  0.13/turn              o - ring of protection from fire

@: no status effects
A: unfitting armour, cold-blooded, AC +5
a: no special abilities


You were on level 2 of the Dungeon.
You were hungry.

You visited 1 branch of the dungeon, and saw 2 of its levels.

You collected 34 gold pieces.

Inventory:

Hand Weapons
 a - a +0 dagger
 b - a +0 hand crossbow (weapon)
Missiles
 c - 59 bolts (quivered)
Jewellery
 m - a ring of magical power (left hand)
 o - a ring of protection from fire (right hand)
Scrolls
 d - 2 scrolls of remove curse {unknown}
 h - 3 scrolls of identify {unknown}
 j - a scroll of amnesia {unknown}
 l - a scroll of magic mapping {unknown}
Potions
 e - a potion of heal wounds {unknown}
 g - a potion of might {unknown}
 i - 2 potions of curing {unknown}
 k - 2 potions of berserk rage {unknown}
 n - a potion of brilliance {unknown}
Comestibles
 f - 2 rations


   Skills:
 + Level 2.6 Fighting
   Level 3.0 Maces & Flails
 * Level 1.5 Crossbows
 - Level 1.1 Throwing
 + Level 0.9 Dodging
   Level 1.0 Shields
 - Level 1.0 Spellcasting
   Level 2.0 Transmutations


You had 4 spell levels left.
You didn't know any spells.
Your spell library contained the following spells:

 Spells                   Type           Power        Failure   Level  Hunger
 Beastly Appendage        Tmut           #.....       16%         1    ##.....
 Spider Form              Tmut/Pois      #.........   56%         3    ####...


Dungeon Overview and Level Annotations

Branches:
Dungeon (2/15)

Altars:

Annotations:
D:2 Natasha


Innate Abilities, Weirdness & Mutations

Your plain brown scales are hard. (AC +5)
You cannot fit into any form of body armour.
You are cold-blooded and may be slowed by cold attacks.


Message History

Aim: Natasha (severely wounded)
You shoot a bolt.
The bolt hits Natasha but does no damage.
Natasha is severely wounded.
Natasha closely misses you. The white imp closely misses you.
The white imp hits you but does no damage.
The white imp barely misses you. Natasha casts a spell at you.
The magic dart hits you!
You take 6 damage, and have 15/30 hp.
Firing (i - inventory)
c - 60 bolts (quivered)
Press: ? - help, Shift-Dir - straight line, f/p - Natasha
Aim: Natasha (severely wounded)
You shoot a bolt. The bolt hits Natasha.
Natasha is almost dead.
The white imp gestures at you. The puff of frost hits you!
* * * LOW HITPOINT WARNING * * *
Natasha claws you.
You die...

# # # # ############
...........# .#########.#
..(รท.....#.#############
..#..<..........@h.....(
..#............55.######
..#....#.#....###.#
..#.##.#.#.#.## .#
..#.#..#.###.# .#
..#.####.# #.# .# ..#..
..# #.# .# ..#. ## #.# .#
#.# #.#


You could see Natasha and 2 white imps.

Vanquished Creatures
  An adder (D:2)
  5 goblins (D:1)
  3 hobgoblins
  3 kobolds
  A frilled lizard (D:1)
  5 rats (D:1)
18 creatures vanquished.

Vanquished Creatures (others)
  4 toadstools (D:1)
4 creatures vanquished.

Grand Total: 22 creatures vanquished

Notes
Turn   | Place    | Note
-------+----------+-------------------------------------------
     0 | D:1      | namelastname112 the Draconian Wanderer began the quest for
                  | the Orb.
     0 | D:1      | namelastname112 set off with: a +0 shield, a +0 hand
                  | crossbow, 24 bolts, a ration
     0 | D:1      | Reached XP level 1. HP: 17/17 MP: 2/2
   230 | D:1      | Reached XP level 2. HP: 25/25 MP: 3/3
   292 | D:1      | Reached skill level 1 in Crossbows
   843 | D:2      | Reached XP level 3. HP: 9/30 MP: 4/4
  1119 | D:2      | Noticed Natasha
  1133 | D:2      | Slain by Natasha

Vault maps used:
D:1:      ldierk_water_garden
D:2:      uniq_natasha

Skill      XL: |  1  2 |
---------------+-------+-----
Crossbows      | 1 |  1.5
Fighting       | |  2.6
Maces & Flails | |  3.0
Throwing       | |  1.1
Dodging        | |  0.9
Shields        | |  1.0
Spellcasting   | |  1.0
Transmutations | |  2.0

Action                   || total
-------------------------++-------
Melee: Dagger            ||    27
       Tailslap          ||     2
 Fire: Hand crossbow     ||    36
 Stab: Sleeping          ||     1
Armor: Skin              ||    10
Dodge: Dodged            ||    35

Table legend:
 A = Non-vault XP
 B = Vault XP
 C = Vault XP percentage of total XP
 D = Non-vault monster count
 E = Vault monster count
 F = Vault count percentage of total count
                 A         B        C        D         E       F
            +---------+---------+-------+---------+---------+-------
      Total |      41 |       0 |   0.0 |      18 |       0 |   0.0
            +---------+---------+-------+---------+---------+-------
        D:1 |      24 |       0 |   0.0 |      15 |       0 |   0.0
        D:2 |      17 |       0 |   0.0 |       3 |       0 |   0.0
            +---------+---------+-------+---------+---------+-------
